 Dungeon Crawl Stone Soup version 0.30-a0-177-g1cb5dbfd7a (webtiles) character file.

Game seed: 8976385981182674221

221 KennySheep the Sneak (level 5, 0/31 HPs)
             Began as a Vampire Brigand on Oct 3, 2022.
             Was an Initiate of Yredelemnul.
             Slain by a goblin
             ... wielding a +0 dagger
             ... led by Robin
              (4 damage)
             ... on level 2 of the Dungeon.
             The game lasted 00:05:09 (1612 turns).

KennySheep the Sneak (Vampire Brigand)              Turns: 1612, Time: 00:05:09

Health: 0/31       AC:  7    Str: 10    XL:     5   Next: 65%
Magic:  5/5        EV: 13    Int: 14    God:    Yredelemnul [......]
Gold:   31         SH:  0    Dex: 17    Spells: 4/4 levels left

rFire   + . .      SeeInvis +    a - +2 dagger
rCold   + + +      Faith    .    (no shield)
rNeg    + + +      Spirit   .    b - +0 robe
rPois   ∞          Reflect  .    j - +0 helmet
rElec   .          Harm     .    m - scarf {rC+ rF+}
rCorr   .          Rampage  .    (no gloves)
Will    .....                    (no boots)
Stlth   ++++++....               (no amulet)
HPRegen 0.00/turn                l - +4 ring of protection
MPRegen 0.09/turn                h - ring of positive energy

@: bloodless, inhibited regen
A: bloodless, fangs 3, see invisible, vampiric 2
a: Bat Form, Revivify, Renounce Religion, Recall Undead Harvest


You were on level 2 of the Dungeon.
You worshipped Yredelemnul.
Yredelemnul was noncommittal.
You visited 1 branch of the dungeon, and saw 3 of its levels.

You collected 31 gold pieces.

Inventory:

Hand Weapons
 a - a +2 dagger (weapon)
Missiles
 d - 9 poisoned darts (quivered)
 e - 3 curare-tipped darts
Armour
 b - a +0 robe (worn)
 c - a +0 cloak
 j - a +0 helmet (worn)
 m - a scarf of resistance (worn)
Jewellery
 h - a ring of positive energy (right hand)
 l - a +4 ring of protection (left hand)
 o - a ring of willpower
Scrolls
 f - a scroll of teleportation {unknown}
 i - a scroll of summoning {unknown}
 k - a scroll of fear {unknown}
 q - a scroll of identify {unknown}
Potions
 g - a potion of ambrosia {unknown}
 n - a potion of lignification
 p - a potion of curing {unknown}


   Skills:
 + Level 2.7 Fighting
 * Level 4.2 Short Blades
 - Level 1.5 Throwing
 + Level 2.8 Dodging
 + Level 6.9 Stealth
 + Level 1.2 Invocations


You had 4 spell levels left.
You didn't know any spells.
Your spell library was empty.

Dungeon Overview and Level Annotations

Branches:
Dungeon (3/15)

Altars:
Yredelemnul

Shops:
D:1 *

Annotations:
D:2 Ijyb
D:3 Robin


Innate Abilities, Weirdness & Mutations

You do not regenerate when monsters are visible.
You are frail without blood (-20% HP).
You can heal yourself when you bite living creatures.
You are immune to poison.
You have razor-sharp teeth.
You have supernaturally acute eyesight. (SInv)
You are afflicted with vampirism and can become a bat while bloodless.


Message History

An endoplasm comes into view.
The goblin barely misses you. The goblin attacks as you move away!
The goblin closely misses you.
There is a stone staircase leading up here.
Things that are here:
a +0 dagger; a +0 sling The hobgoblin closely misses you.
Ijyb zaps a wand.
The puff of flame hits you. You resist. Robin throws the goblin at you!
The goblin barely misses you. x2
You climb upwards.
There is a stone staircase leading down here.
You closely miss Ijyb.
Ijyb zaps a wand.
The puff of flame misses you.
The hobgoblin hits you but does no damage.
The goblin hits you but does no damage.
You completely miss Ijyb. You bite Ijyb, but do no damage.
Ijyb completely misses you. The hobgoblin barely misses you.
The goblin hits you but does no damage.
You hit Ijyb but do no damage. You hit Ijyb but do no damage.
You bite Ijyb, but do no damage. Ijyb barely misses you.
The hobgoblin hits you. The goblin barely misses you.
You hit Ijyb but do no damage. Ijyb closely misses you.
The hobgoblin barely misses you. The goblin closely misses you.
You hit Ijyb but do no damage. Your bite misses Ijyb.
Ijyb hits you with a +1 spectral club. The hobgoblin hits you.
The goblin hits you with a +0 dagger.
Okay, then.
Your unliving flesh cannot be transformed in this way.
You hit Ijyb but do no damage. You hit Ijyb but do no damage.
Ijyb zaps a wand.
The puff of flame hits you. You resist.
* * * LOW HITPOINT WARNING * * *
The hobgoblin hits you.
* * * LOW HITPOINT WARNING * * *
The goblin misses you.
Unknown command.
Ijyb screams, "You nasty!
Big nasty!"
The hobgoblin hits you.
* * * LOW HITPOINT WARNING * * *
The goblin hits you with a +0 dagger.
You die...
Yredelemnul claims you as an undead slave.

.####...........#....#.# #..####.
.#..............#....#.# ##.####.
.......................####......
.....⌠..............)............
.......................##########
##......####.........### #[.
######## #.........###########Z
#.....g...##..........
#....@g....###########
######.....g....#(.........
#...............#.########.
###.####.............# #.
#...#####............# #.
##.#.........######...# ##
##..#########.# ##### #
###..#.ZZZ..Z...# #
..).##Z########## #


You could see Ijyb, a hobgoblin (strong) and a goblin (strong).

Vanquished Creatures
  Sigmund (D:2)
  An adder (D:2)
  An adder zombie (D:2)
  3 dart slugs (D:1)
  A ball python (D:2)
  7 endoplasms (D:1)
  2 giant cockroaches (D:1)
  3 hobgoblins
  9 jackals (D:1)
  2 quokkas (D:1)
  5 bats (D:1)
  3 frilled lizards (D:1)
  5 goblins
  6 kobolds
  4 rats
53 creatures vanquished.

Notes
Turn   | Place    | Note
-------+----------+-------------------------------------------
     0 | D:1      | KennySheep the Vampire Brigand began the quest for the Orb.
     0 | D:1      | Reached XP level 1. HP: 16/16 MP: 1/1
   128 | D:1      | Reached skill level 6 in Stealth
   131 | D:1      | Reached XP level 2. HP: 20/22 MP: 2/2
   256 | D:1      | Found Tiol Zeo's General Store.
   383 | D:1      | Gained mutation: You are afflicted with vampirism and can
                  | become a bat while bloodless. [Vampire growth]
   383 | D:1      | Reached XP level 3. HP: 25/27 MP: 3/3
   583 | D:1      | Found a faded altar of an unknown god.
   594 | D:1      | Prayed at the altar of an unknown god.
   594 | D:1      | Became a worshipper of Yredelemnul the Dark
   594 | D:1      | Reached * piety under Yredelemnul
  1307 | D:2      | Noticed Sigmund
  1324 | D:2      | Killed Sigmund
  1325 | D:2      | Reached skill level 1 in Invocations
  1325 | D:2      | Reached XP level 4. HP: 34/34 MP: 4/4
  1325 | D:2      | Reached XP level 5. HP: 39/39 MP: 5/5
  1594 | D:3      | Noticed Robin
  1594 | D:3      | Noticed Ijyb
  1612 | D:2      | Slain by a goblin

Illustrated notes

Levels and vault maps discovered:
D:1:      dpeg_arrival_snail, layout_basic, hellmonk_ecumenical_altar_run_dry,
          serial_shops, shop
D:2:      layout_rooms, serial_co_window_serial, co_window_corner_a,
          co_window_paths_a, co_window_paths_b, co_window_paths_a,
          co_window_of_opportunity_a, co_window_of_opportunity_c,
          co_window_broadway_b, co_window_of_opportunity_c,
          co_window_broadway_b, co_window_broadway_b, co_window_paths_d,
          glass_columns_a, glass_columns_b, glass_columns_b, glass_columns_b,
          solitary_fountain, chequers_serial_rivers_micro_a, uniq_sigmund
D:3:      layout_basic, uniq_robin, uniq_crazy_yiuf_cottage, uniq_ijyb

Skill      XL: |  1  2  3 |
---------------+----------+-----
Stealth        | 6 |  6.9
Fighting       | 2 |  2.7
Short Blades   | 3 4 |  4.2
Dodging        | 2 |  2.8
Invocations    | 1 |  1.2
Throwing       | |  1.5

Action                   |  1- 3 |  4- 6 || total
-------------------------+-------+-------++-------
Melee: Dagger            |   116 |    18 ||   134
       Bite              |     9 |     3 ||    12
       Punch             |     1 |       ||     1
 Abil: Exsanguinate      |       |     1 ||     1
  Use: Potion            |     4 |       ||     4
 Stab: Sleeping          |    15 |     2 ||    17
       Distracted        |     1 |       ||     1
Armor: Robe              |    26 |     6 ||    32
       Skin              |     8 |     7 ||    15
Dodge: Dodged            |    70 |    16 ||    86

Table legend: (Time is in decaauts)
 A = Elapsed time spent in this place.
 B = Non-inter-level travel time spent in this place.
 C = Inter-level travel time spent in this place.
 D = Time resting spent in this place.
 E = Time spent auto-exploring this place.
 F = Levels seen in this place.
 G = Mean time per level.
                   A        B        C        D        E       F      G
               +--------+--------+--------+--------+--------+-----+--------+
         Total |   1582 |   1528 |     54 |     24 |   1138 |   3 |  527.3 |
       Dungeon |   1582 |   1528 |     54 |     24 |   1138 |   3 |  527.3 |
               +--------+--------+--------+--------+--------+-----+--------+

Top non-repeatable levels by time:
     D:1: 905 daAuts
     D:2: 668 daAuts
     D:3: 8 daAuts
